 Dungeon Crawl Stone Soup version 0.28.0-45-g0d030f2227 (webtiles) character file.

Game seed: 13845194750640150367

204 Ablot the Grasshopper (level 5, -1/43 HPs)
             Began as a Gnoll Warper on Apr 7, 2022.
             Was an Initiate of the Shining One.
             Slain by a bullfrog (8 damage)
             ... on level 3 of the Dungeon.
             The game lasted 00:05:48 (3805 turns).

Ablot the Grasshopper (Gnoll Warper)                Turns: 3805, Time: 00:05:48

Health: -1/43      AC:  4    Str: 12    XL:     5   Next: 82%
Magic:  10/12      EV: 13    Int: 12    God:    the Shining One [......]
Gold:   120        SH:  0    Dex: 12    Spells: 11/14 levels left

rFire   . . .      SeeInvis .   n - +1 hunting sling (flame)
rCold   . . .      Faith    .   (no shield)
rNeg    . . .      Spirit   .   b - +0 leather armour
rPois   .          Reflect  .   (no helmet)
rElec   .          Harm     .   (no cloak)
rCorr   .          Rampage  .   (no gloves)
Will    .....                   f - +0 pair of boots
Stlth   +.........              (no amulet)
HPRegen 0.14/turn               (no ring)
MPRegen 0.13/turn               (no ring)

@: glowing
A: fangs 1, strong nose, distributed training
a: Renounce Religion


You were on level 3 of the Dungeon.
You worshipped the Shining One.
The Shining One was noncommittal.
You visited 2 branches of the dungeon, and saw 5 of its levels.

You collected 120 gold pieces.

Inventory:

Hand Weapons
 a - a +0 spear
 n - a +1 hunting sling of flaming (weapon)
Missiles
 d - 5 boomerangs of dispersal
 h - 166 stones (quivered ammo)
 m - 3 boomerangs
 q - 19 arrows
 t - 2 throwing nets
Armour
 b - a +0 leather armour (worn)
 f - a +0 pair of boots (worn)
Jewellery
 l - a ring of flight
Scrolls
 c - 2 scrolls of blinking
 g - 2 scrolls of enchant armour {unknown}
 p - a scroll of identify {unknown}
 s - 2 scrolls of fear {unknown}
 u - a scroll of teleportation {unknown}
Potions
 e - a potion of flight {unknown}
 i - a potion of curing {unknown}
 j - a potion of lignification {unknown}
 k - a potion of heal wounds
 o - a potion of haste {unknown}
 r - 2 potions of magic {unknown}
 v - a potion of brilliance {unknown}


   Skills:
 + Level 4.8 Fighting
 + Level 1.6 Short Blades
 + Level 1.6 Long Blades
 + Level 1.6 Axes
 + Level 1.6 Maces & Flails
 + Level 4.8 Polearms
 + Level 1.6 Staves
 + Level 1.6 Slings
 + Level 1.6 Bows
 + Level 1.6 Crossbows
 + Level 3.1 Throwing
 + Level 3.1 Armour
 + Level 4.8 Dodging
 + Level 1.6 Stealth
 + Level 1.6 Shields
 + Level 1.6 Unarmed Combat
 + Level 5.2 Spellcasting
 + Level 1.3 Conjurations
 + Level 1.3 Hexes
 + Level 1.3 Summonings
 + Level 1.3 Necromancy
 + Level 5.6 Translocations
 + Level 1.3 Transmutations
 + Level 1.3 Fire Magic
 + Level 1.3 Ice Magic
 + Level 1.3 Air Magic
 + Level 1.3 Earth Magic
 + Level 1.3 Poison Magic
 + Level 1.9 Invocations
 + Level 1.6 Evocations


You had 11 spell levels left.
You knew the following spells:

 Your Spells              Type           Power      Damage    Failure   Level
a - Blink                 Tloc           32%        N/A       3%          2
b - Slow                  Hex            24%        N/A       14%         1

Your spell library contained the following spells:

 Spells                   Type           Power      Damage    Failure   Level
 Gell's Gravitas          Tloc           16%        N/A       8%          3
 Lesser Beckoning         Tloc           16%        N/A       8%          3
 Teleport Other           Tloc           16%        N/A       8%          3
 Static Discharge         Conj/Air       6%         N/A       22%         2
 Confusing Touch          Hex            6%         N/A       41%         3
 Vampiric Draining        Necr           6%         2d6       41%         3
 Manifold Assault         Tloc           16%        N/A       56%         5
 Lightning Bolt           Conj/Air       3%         1d14      99%         5
 Maxwell's Capacitive Co  Air            3%         ∞         100%        8


Dungeon Overview and Level Annotations

Branches:
Dungeon (4/15)             Temple (1/1) D:4

Altars:
Ashenzari
Dithmenos
Kikubaaqudgha
Nemelex Xobeh
Okawaru
Qazlal
Trog
Uskayaw
Vehumet
Wu Jian
Xom
Yredelemnul
Zin
The Shining One
Ignis


Innate Abilities, Weirdness & Mutations

You have very sharp teeth.
Your uncanny sense of smell can sniff out nearby items.
Your experience applies equally to all skills.


Message History

You shoot a stone. The stone closely misses the bullfrog.
The bullfrog hits you. The orc barely misses you. The quokka misses you.
The bullfrog hits you but does no damage.
You shoot a stone. The stone closely misses the bullfrog.
The quokka bites you. The orc closely misses you.
The bullfrog closely misses you. The quokka barely misses you.
You are too injured to fight recklessly!
You are too injured to fight recklessly!
You are too injured to fight recklessly!
You are too injured to fight recklessly!
The bullfrog hits you. The orc misses you. The bullfrog hits you.
* * * LOW HITPOINT WARNING * * *
The quokka bites you but does no damage.
You climb upwards.
There is a stone staircase leading down here.
Casting: Slow (safe; 14% risk of failure)
Confirm with . or Enter, or press ? or * to list all spells.
You blink.
Fire: 169 stones
Press: ? - help, Q - select action, (/) - cycle Shift-Dir - straight line, f - bullfrog
Aim: a bullfrog (moderately wounded, 53% to hit)
You shoot a stone. The stone barely misses the bullfrog.
Unknown command.
Fire: 168 stones
Press: ? - help, Q - select action, (/) - cycle Shift-Dir - straight line, f/p - bullfrog
Aim: a bullfrog (moderately wounded, 53% to hit)
You shoot a stone. The stone hits the bullfrog.
The stone burns the bullfrog.
The bullfrog is heavily wounded.
The bullfrog barely misses you.
Fire: 167 stones
Press: ? - help, Q - select action, (/) - cycle Shift-Dir - straight line, f/p - bullfrog
Aim: a bullfrog (heavily wounded, 53% to hit)
You shoot a stone. The stone closely misses the bullfrog.
The bullfrog releases a deep croak.
The bullfrog hits you.
* * * LOW HITPOINT WARNING * * *
The orc misses you. The bullfrog barely misses you.
You feel stable enough to blink again. The bullfrog hits you!
You die...

#......# #.# #......# #.####
##..#### #.#...
############...#############.#.##
..........[)..........>..........
###+###+####.#.####......(###..##
.......#..#.....# #.......'.#..#
.......#..#.....###.......#.#..##
###'###'..'.....@##.(.....#.#..#.
.'...'.#..#......Fro.....(#....#.
.#...#.#..#....#..#.......####.#.
.#._.#.'##+.#####.#............#.
.#...#.#..### #................
.'...'.#..########........#######
###'###'..'..............#.......
.......#..########.###.#.#.######
.......#..##.............#.#


You could see a bullfrog, an orc and a quokka.

Vanquished Creatures
  An iguana (D:3)
  An orc wizard (D:3)
  3 gnolls (D:3)
  4 adders (D:3)
  An adder skeleton (D:3)
  2 worms
  3 orcs (D:3)
  2 ball pythons
  3 endoplasms
  6 giant cockroaches
  7 goblins
  10 hobgoblins
  6 jackals
  3 quokkas
  7 bats
  7 frilled lizards
  4 kobolds
  2 rats
72 creatures vanquished.

Vanquished Creatures (others)
  A fungus (D:1)
  4 plants (D:1)
5 creatures vanquished.

Grand Total: 77 creatures vanquished

Notes
Turn   | Place    | Note
-------+----------+-------------------------------------------
     0 | D:1      | Ablot the Gnoll Warper began the quest for the Orb.
     0 | D:1      | Reached XP level 1. HP: 20/20 MP: 6/6
   235 | D:1      | Reached XP level 2. HP: 26/26 MP: 7/7
   238 | D:1      | Learned a level 2 spell: Blink
   547 | D:1      | Learned a level 1 spell: Slow
   632 | D:1      | Found a faded altar of an unknown god.
   989 | D:1      | Reached XP level 3. HP: 31/31 MP: 9/9
   993 | D:1      | Reached skill level 5 in Spellcasting
  1397 | D:2      | Reached skill level 1 in Invocations
  1826 | D:2      | Reached skill level 1 in Short Blades
  1826 | D:2      | Reached skill level 1 in Long Blades
  1826 | D:2      | Reached skill level 1 in Axes
  1826 | D:2      | Reached skill level 1 in Maces & Flails
  1826 | D:2      | Reached skill level 1 in Staves
  1826 | D:2      | Reached skill level 1 in Slings
  1826 | D:2      | Reached skill level 1 in Bows
  1826 | D:2      | Reached skill level 1 in Crossbows
  1826 | D:2      | Reached skill level 1 in Stealth
  1826 | D:2      | Reached skill level 1 in Shields
  1826 | D:2      | Reached skill level 1 in Unarmed Combat
  1826 | D:2      | Reached skill level 1 in Evocations
  2127 | D:3      | Reached XP level 4. HP: 21/38 MP: 4/11
  2144 | D:3      | Reached skill level 1 in Conjurations
  2144 | D:3      | Reached skill level 1 in Hexes
  2144 | D:3      | Reached skill level 1 in Summonings
  2144 | D:3      | Reached skill level 1 in Necromancy
  2144 | D:3      | Reached skill level 1 in Transmutations
  2144 | D:3      | Reached skill level 1 in Fire Magic
  2144 | D:3      | Reached skill level 1 in Ice Magic
  2144 | D:3      | Reached skill level 1 in Air Magic
  2144 | D:3      | Reached skill level 1 in Earth Magic
  2144 | D:3      | Reached skill level 1 in Poison Magic
  2361 | D:3      | Reached XP level 5. HP: 43/43 MP: 12/12
  3376 | D:3      | Found a glowing silver altar of Zin.
  3474 | D:3      | Found a stormy altar of Qazlal.
  3593 | D:4      | Found a staircase to the Ecumenical Temple.
  3603 | Temple   | Entered the Ecumenical Temple
  3698 | Temple   | Became a worshipper of the Shining One
  3722 | D:4      | Noticed a lemure
  3722 | D:4      | Noticed a lemure
  3722 | D:4      | Noticed a lemure
  3805 | D:3      | Slain by a bullfrog

Illustrated notes

Levels and vault maps discovered:
D:1:      amcnicky_arrival_double_pillar, layout_loops_corners,
          shapermc_ecumenical_altar_hornbeckon
D:2:      layout_loops_cross, grunt_decor_one_mirror
D:3:      layout_basic, mainiacjoe_overflow_24_doors,
          mainiacjoe_overflow_alcove_4, minmay_quantized
D:4:      layout_cave_pools, minitemple, minmay_temple_entry_sparse_star,
          amcnicky_mini_rare_corridor_liquid, minmay_starry_boxes,
          uniq_crazy_yiuf_cottage, uniq_pikel
Temple:   ebering_untended_altars

Skill      XL: |  1  2  3  4  5 |
---------------+----------------+-----
Spellcasting   | 5 |  5.2
Invocations    | 1 |  1.9
Short Blades   | 1 |  1.6
Long Blades    | 1 |  1.6
Axes           | 1 |  1.6
Maces & Flails | 1 |  1.6
Staves         | 1 |  1.6
Slings         | 1 |  1.6
Bows           | 1 |  1.6
Crossbows      | 1 |  1.6
Stealth        | 1 |  1.6
Shields        | 1 |  1.6
Unarmed Combat | 1 |  1.6
Evocations     | 1 |  1.6
Conjurations   | 1 |  1.3
Hexes          | 1 |  1.3
Summonings     | 1 |  1.3
Necromancy     | 1 |  1.3
Transmutations | 1 |  1.3
Fire Magic     | 1 |  1.3
Ice Magic      | 1 |  1.3
Air Magic      | 1 |  1.3
Earth Magic    | 1 |  1.3
Poison Magic   | 1 |  1.3
Throwing       | 3 |  3.1
Armour         | 3 |  3.1
Fighting       | |  4.8
Polearms       | |  4.8
Dodging        | |  4.8
Translocations | |  5.6

Action                   |  1- 3 |  4- 6 || total
-------------------------+-------+-------++-------
Melee: Spear             |   168 |   157 ||   325
       Bite              |    16 |    20 ||    36
       Punch             |     2 |     1 ||     3
 Fire: Hunting sling     |       |    17 ||    17
Throw: Boomerang         |       |     9 ||     9
 Cast: Slow              |     5 |       ||     5
       Blink             |       |     1 ||     1
  Use: Potion            |       |     1 ||     1
 Stab: Sleeping          |     2 |       ||     2
Armor: Leather armour    |    38 |    41 ||    79
Dodge: Dodged            |    78 |   108 ||   186
